 Dungeon Crawl Stone Soup version 0.13.0-26-gf7ffa3a (webtiles) character file.

359 Lilouch the Firebug (level 5, -1/28 HPs)
             Began as a Deep Elf Fire Elementalist on Nov 1, 2013.
             Slain by a slave (9 damage)
             ... led by Pikel
             ... on Level 3 of the Dungeon.
             The game lasted 00:27:37 (4249 turns).

Lilouch the Firebug (Deep Elf Fire Elementalist)    Turns: 4249, Time: 00:27:37

HP  -1/28        AC  5     Str  5      XL: 5   Next: 77%
MP   5/16        EV 13     Int 21      God:
Gold 122         SH  0     Dex 15      Spells:  2 memorised,  8 levels left

Res.Fire  : . . .   See Invis. : .   i - +2,+3 dwarf dagger
Res.Cold  : . . .   Warding    : .   y - +1 robe
Life Prot.: . . .   Conserve   : .   (no shield)
Res.Poison: .       Res.Corr.  : .   (no helmet)
Res.Elec. : .       Clarity    : .   (no cloak)
Sust.Abil.: . .     Spirit.Shd : .   (no gloves)
Res.Mut.  : .       Stasis     : .   a - +1 pair of dwarf boots
Res.Rott. : .       Flight     : .   (no amulet)
Saprovore : . . .                    (no ring)
                                     d - ring of wizardry

@: slightly resistant to hostile enchantments, fairly stealthy
A: no striking features
a: no special abilities


You were on level 3 of the Dungeon.
You were hungry.

You visited 1 branch of the dungeon, and saw 4 of its levels.

You collected 102 gold pieces.

Inventory:

Hand weapons
 h - a +0,+0 elven dagger (quivered)
 i - a +2,+3 dwarven dagger (weapon)
Missiles
 I - 15 exploding darts
Armour
 a - a +1 pair of dwarven boots (worn)
 y - a +1 robe (worn)
 B - a +0 elven ring mail
Comestibles
 c - a bread ration
 v - an orange
 w - 3 pears
 x - an apple
 z - an apricot
 D - a chunk of bat flesh
 E - 9 sultanas
Scrolls
 f - a scroll of teleportation {unknown}
 g - a scroll of curse jewellery {unknown}
 j - a scroll of enchant weapon II {unknown}
 m - a scroll of random uselessness {unknown}
 p - a scroll of fog {unknown}
 q - a scroll of fear {unknown}
 r - 3 scrolls of identify {unknown}
 s - a scroll of enchant weapon I {unknown}
 u - a scroll of magic mapping {unknown}
 A - 2 scrolls of noise {unknown}
 C - a scroll of enchant armour {unknown}
 G - a scroll of remove curse {unknown}
Jewellery
 d - a ring of wizardry (left hand)
 k - an uncursed ring of see invisible {unknown}
 o - an uncursed ring of sustenance {unknown}
 t - an uncursed ring of protection from magic {unknown}
Potions
 l - a potion of magic {unknown}
 n - 2 potions of invisibility {unknown}
 F - a potion of slowing {unknown}
 K - a potion of brilliance {unknown}
Books
 b - a book of Flames

   Spells                             Type                      Level
   *Flame Tongue                      Conjuration/Fire             1
   *Throw Flame                       Conjuration/Fire             2
   Conjure Flame                      Conjuration/Fire             3
   Inner Flame                        Hexes/Fire                   3
   Sticky Flame                       Conjuration/Fire             4
   Fireball                           Conjuration/Fire             5


   Skills:
 + Level 1.2 Armour
 - Level 2.4 Dodging
 - Level 2.4 Stealth
 + Level 3.9 Spellcasting
 + Level 3.4 Conjurations
 + Level 5.0 Fire Magic


You had 8 spell levels left.
You knew the following spells:

 Your Spells              Type           Power        Failure   Level  Hunger
a - Flame Tongue          Conj/Fire      ###..        1%          1    None
b - Throw Flame           Conj/Fire      ###...       1%          2    #......


Dungeon Overview and Level Annotations

Branches:
Dungeon (4/27)
 Temple: D:4-7

Altars:
Fedhas
the Shining One

Annotations:
D:4 Dowan, Duvessa, Pikel


Message History

Aim: a slave wearing an animal skin (severely wounded)
The flame hits the slave.
The slave is severely wounded.
The slave closely misses you.
Casting: Flame Tongue
Confirm with . or Enter, or press ? or * to list all spells.
Aiming: Flame Tongue
Press: ? - help, Shift-Dir - straight line, f/p - slave
Aim: a slave wearing an animal skin (severely wounded)
The flame misses the slave.
The slave hits you!
* * * LOW HITPOINT WARNING * * *
Casting: Flame Tongue
Confirm with . or Enter, or press ? or * to list all spells.
Aiming: Flame Tongue
Press: ? - help, Shift-Dir - straight line, f/p - slave
Aim: a slave wearing an animal skin (severely wounded)
The flame hits the slave.
The slave is almost dead.
The slave hits you!
You die...

♣.#.###.# #.##....#.#
♣♣......# #.##.#.(#.#
.♣♣♣).#########.......#.#
P♣♣♣♣.#.#.#.#.#.#.#.#.#.#
P.P♣♣...................#
..♣P♣.#.#.#.#.#.#.#.#.#.#
P..P♣....>......(.......#
PPP♣♣.#.#)#.#.#.#.#.#.#.#
♣♣♣♣♣..........@@.......#
>♣ ♣###.#.#.#.#.#.#.#.#.#
.## #############.....#
..# ####### ..# ..# .##
.# .#


You could see a slave.

Vanquished Creatures
  A gnoll shaman (D:2)
  7 gnolls
  3 adders
  2 giant mites
  2 worms
  A giant eyeball (D:4)
  An ooze (D:3)
  4 orcs (D:3)
  11 bats
  8 goblins
  11 hobgoblins
  5 jackals
  4 ball pythons
  3 giant cockroaches (D:1)
  4 giant newts
  A goblin skeleton (D:4)
  7 kobolds
  3 quokkas
  7 rats
  2 plants (D:3)
87 creatures vanquished.

Notes
Turn   | Place    | Note
--------------------------------------------------------------
     0 | D:1      | Lilouch, the Deep Elf Fire Elementalist, began the quest for the Orb.
     0 | D:1      | Reached XP level 1. HP: 10/10 MP: 4/4
    57 | D:1      | Reached XP level 2. HP: 15/15 MP: 3/7
   101 | D:1      | Learned a level 2 spell: Throw Flame
   427 | D:1      | Reached XP level 3. HP: 10/19 MP: 0/10
   598 | D:1      | Reached skill level 4 in Fire Magic
  1422 | D:2      | Reached XP level 4. HP: 16/24 MP: 5/13
  1578 | D:2      | Found a blossoming altar of Fedhas.
  2253 | D:2      | Reached XP level 5. HP: 28/28 MP: 4/16
  2719 | D:3      | Found a glowing golden altar of the Shining One.
  2720 | D:3      | Found a blossoming altar of Fedhas.
  2725 | D:3      | Reached skill level 1 in Armour
  3067 | D:3      | Reached skill level 5 in Fire Magic
  3548 | D:4      | Noticed Duvessa
  3549 | D:4      | Noticed Dowan
  3554 | D:4      | Paralysed by a giant eyeball for 4 turns
  4222 | D:4      | Noticed Pikel
  4222 | D:4      | Noticed a slave
  4222 | D:4      | Noticed a slave
  4223 | D:4      | Noticed a slave
  4249 | D:3      | Slain by a slave

Action                   |  1- 3 |  4- 6 || total
-------------------------+-------+-------++-------
Melee: Unarmed           |     4 |       ||     4
       Dagger            |     4 |    86 ||    90
 Cast: Flame Tongue      |    60 |   120 ||   180
       Throw Flame       |     8 |    16 ||    24
  Use: Potion            |       |     3 ||     3
 Stab: Distracted        |     1 |       ||     1
       Sleeping          |       |     2 ||     2
